 Dungeon Crawl Stone Soup version 0.30.1-11-g7821555f0a (webtiles) character file.

Game seed: 18184709221571391778

24266 groovy9 the Severer (level 12, -4/112 HPs)
             Began as a Minotaur Berserker on Jan 12, 2024.
             Was an Elder of Trog.
             Slain by an orc warrior
             ... wielding a +0 glaive
              (26 damage)
             ... on level 2 of the Orcish Mines.
             The game lasted 00:41:31 (10323 turns).

groovy9 the Severer (Minotaur Berserker)           Turns: 10323, Time: 00:41:32

Health: -4/112     AC: 18    Str: 31    XL:     12   Next: 79%
Magic:  11/11      EV: 10    Int:  6    God:    Trog [****..]
Gold:   1482       SH:  0    Dex:  6    Spells: 11/11 levels left

rFire   . . .        t - +5 battleaxe (freeze)
rCold   . . .        (shield currently unavailable)
rNeg    . . .        u - +0 plate armour
rPois   +            (helmet restricted)
rElec   .            y - +0 cloak
rCorr   +            (no gloves)
SInv    .            r - +0 pair of boots
Will    ++...        j - amulet of the Fortifying Oracle {Acrobat rPois Str+5 Int+2 Dex-5} Stlth
                     L - ring of resist corrosion
HPRegen 1.38/turn    (no ring)
MPRegen 0.12/turn

%: acrobat
@: strong-willed, on berserk cooldown, regenerating
A: horns 2, retaliatory headbutt, camouflage 1
a: Renounce Religion, Berserk, Trog's Hand, Brothers in Arms


You were on level 2 of the Orcish Mines.
You worshipped Trog.
Trog was greatly pleased with you.
You visited 2 branches of the dungeon, and saw 13 of its levels.
You visited the Abyss 1 time.
You also visited: Ossuary and Gauntlet.

You collected 1605 gold pieces.
You spent 123 gold pieces at shops.

Inventory:

Hand Weapons
 k - the +6 great mace of Prudence {drain, rPois rN+ Int+3 SInv}
   (You took it off an ogre on level 6 of the Dungeon)

   Int:       It affects your intelligence (+3).
   rPois:     It protects you from poison.
   rN:        It protects you from negative energy.
   SInv:      It lets you see invisible.
 t - a +5 battleaxe of freezing (weapon)
Armour
 r - a +0 pair of boots (worn)
 u - a +0 plate armour (worn)
 y - a +0 cloak (worn)
Jewellery
 j - the amulet of the Fortifying Oracle (around neck) {Acrobat rPois Str+5 Int+2 Dex-5}
   (You took it off a minotaur in a Gauntlet)

   [amulet of the acrobat]

   It increases your evasion while moving and waiting.
   Str:       It affects your strength (+5).
   Int:       It affects your intelligence (+2).
   Dex:       It affects your dexterity (-5).
   rPois:     It protects you from poison.
 w - an amulet of regeneration
 L - a ring of resist corrosion (left hand)
Wands
 a - a wand of digging (15)
 e - a wand of roots (14)
 D - a wand of paralysis (16)
 F - a wand of flame (3)
Scrolls
 b - 2 scrolls of immolation
 c - 4 scrolls of noise
 f - a scroll of vulnerability
 g - 4 scrolls of magic mapping
 i - 2 scrolls of enchant armour
 l - 10 scrolls of teleportation
 p - 2 scrolls of fog {unknown}
 v - 2 scrolls of blinking
 x - a scroll of enchant weapon
 B - a scroll of torment {unknown}
 G - 2 scrolls of poison {unknown}
 J - a scroll of amnesia {unknown}
 O - a scroll of butterflies {unknown}
Potions
 d - 4 potions of curing
 h - a potion of berserk rage {unknown}
 m - 6 potions of mutation
 n - 2 potions of ambrosia {unknown}
 o - a potion of might
 q - 2 potions of attraction
 z - 2 potions of degeneration {unknown}
 A - a potion of resistance
 C - 2 potions of brilliance
 E - a potion of magic {unknown}
 I - a potion of flight {unknown}
 K - a potion of cancellation {unknown}
 M - a potion of invisibility {unknown}
Miscellaneous
 H - a box of beasts
 N - a tin of tremorstones (2/2)


   Skills:
 + Level 12.2 Fighting
 * Level 16.6 Axes
 + Level 11.9 Armour
 + Level 11.0 Dodging


You had 11 spell levels left.
You didn't know any spells.
Your spell library was empty.

Dungeon Overview and Level Annotations

Branches:
Dungeon (12/15)            Temple (0/1) D:7            Lair (0/5) D:11
    Orc (2/2) D:11            Elf (0/3) Orc:2       Ossuary (visited)
Gauntlet (visited)

Altars:
Ashenzari
Fedhas
Ru
Vehumet
The Shining One

Shops:
D:2 (   D:5 *   Orc:1 =


Innate Abilities, Weirdness & Mutations

You have a pair of horns on your head.
You reflexively headbutt those who attack you in melee.
Your skin changes colour to match your surroundings (Stealth+).


Message History

The orc knight roars a battlecry!
You hear a shout!
You slash the orc sorcerer! You freeze the orc sorcerer.
You headbutt the orc sorcerer!
You kill the orc sorcerer!
Trog accepts your kill.
Trog appreciates your killing of a magic user.
The orc warrior no longer looks unusually strong.
Your life force feels restored.
Your Dodging skill increases to level 11!
You hit the orc. You freeze the orc.
You kill the orc!
Trog accepts your kill.
The orc priest calls upon Beogh to heal the orc warrior.
The orc warrior is healed somewhat.
You slice the orc warrior!! You freeze the orc warrior.
Your headbutt misses the orc warrior.
The orc warrior is almost dead.
The orc warrior no longer looks unusually strong.
The orc warrior hits you with a +0 mace.
* * * LOW HITPOINT WARNING * * *
You slice the orc warrior!! You freeze the orc warrior.
You kill the orc warrior!
Trog accepts your kill.
You closely miss the orc warrior.
The orc warrior is severely wounded.
An orc comes into view. It is wielding a +0 whip.
An orc comes into view. It is wielding a +0 club.
The orc warrior hits you but does no damage.
The orc shouts!
You slice the orc warrior!! You freeze the orc warrior.
You kill the orc warrior!
Trog accepts your kill.
You hear a shout! x3
Your skin crawls.
You feel strong-willed.
An orc comes into view. It is wielding a +0 hand axe.
The orc warrior unwields a +0 arbalest.
The orc warrior wields a +0 glaive.
The orc warrior hits you with a +0 glaive!!
You die...

....#.............##
.#.#.........##....#
.......#......#....##
........)...........#
#.....##.......$...#
......#........o...#
.....#.....o...{ยง..#
#.......).o.o.oo#..##
.....).#......o#@...#
.....)..)..o#.###..##
.....))))...### #.#
....))).......# ..#
o..............# ##
...o............
o.o.............
...............#
..$........##.##


You could see 2 orc warriors, an orc priest (strong) and 3 orcs.

Vanquished Creatures
  A minotaur (Gauntlet)
  Snorg (D:12)
  Erica (Orc:1)
  2 two-headed ogres
  A wizard (D:10)
  A deep elf pyromancer (D:12)
  3 orc sorcerers
  A cyclops (D:12)
  Maurice (D:12)
  A smoke demon (Gauntlet)
  2 gargoyles
  An unseen horror (D:12)
  3 kobold demonologists (D:12)
  A komodo dragon (D:11)
  A red devil (Gauntlet)
  The ghost of michknight7 the Covered, an amateur AtFi (D:6)
  2 trolls
  A hornet (D:8)
  8 shadows
  Sigmund (D:2)
  2 centaur simulacra (Gauntlet)
  4 wraiths
  29 yaks
  2 vampires
  A human (D:11)
  5 wyverns
  3 wargs
  Menkaure (D:5)
  11 vampire mosquitoes
  An acid dragon (D:11)
  Duvessa (D:6)
  A water moccasin (D:7)
  An ice beast (D:7)
  13 orc warriors
  A black bear (D:5)
  2 centaurs
  4 ogres
  2 kobold brigands
  A bullfrog (D:6)
  4 gnoll sergeants
  3 water moccasin zombies (Ossuary)
  2 scorpions
  9 wights (D:8)
  Dowan (D:6)
  A hornet simulacrum (Gauntlet)
  5 killer bees (D:8)
  3 howler monkeys (D:9)
  2 jellies (D:6)
  4 crimson imps
  Crazy Yiuf (D:6)
  3 hounds (D:5)
  15 orc priests
  A gnoll bouda (D:6)
  Terence (D:2)
  Jessica (D:2)
  4 iguanas
  14 orc wizards
  2 mummies (Ossuary)
  3 adders
  25 gnolls
  A shadow imp (D:6)
  2 white imps
  An ufetubus (D:5)
  An adder zombie (Ossuary)
  2 dart slugs (D:3)
  58 orcs
  7 endoplasms
  6 giant cockroaches
  4 goblins
  4 hobgoblins
  2 quokkas
  7 ball pythons
  3 bats
  5 frilled lizards
  3 gnoll zombies (Ossuary)
  7 hobgoblin zombies (Ossuary)
  17 kobolds
  6 kobold zombies (Ossuary)
  8 orc zombies (Ossuary)
  5 rats
372 creatures vanquished.

Notes
Turn   | Place    | Note
-------+----------+-------------------------------------------
     0 | D:1      | groovy9 the Minotaur Berserker began the quest for the Orb.
     0 | D:1      | Reached XP level 1. HP: 19/19 MP: 0/0
   394 | D:1      | Reached XP level 2. HP: 20/27 MP: 1/1
   489 | D:1      | Reached skill level 4 in Axes
  1113 | D:2      | Found Arateov's Antique Weapon Emporium.
  1128 | D:2      | Noticed Terence
  1129 | D:2      | Noticed Jessica
  1139 | D:2      | Killed Terence
  1140 | D:2      | Reached XP level 3. HP: 13/33 MP: 2/2
  1142 | D:2      | Killed Jessica
  1143 | D:2      | Reached XP level 4. HP: 7/40 MP: 3/3
  1295 | D:2      | Noticed Sigmund
  1299 | D:2      | Reached ** piety under Trog
  1329 | D:2      | Killed Sigmund
  1330 | D:2      | Reached skill level 5 in Axes
  1330 | D:2      | Reached XP level 5. HP: 39/47 MP: 4/4
  1922 | D:3      | Reached XP level 6. HP: 43/55 MP: 5/5
  2229 | D:3      | You fall into a shaft and drop 2 floors!
  2229 | D:5      | Entered Level 5 of the Dungeon
  2229 | D:5      | Found a blossoming altar of Fedhas.
  2318 | D:5      | Reached skill level 5 in Fighting
  2323 | D:5      | Reached skill level 6 in Axes
  2533 | D:5      | Reached XP level 7. HP: 57/61 MP: 6/6
  2605 | D:5      | Found Femeurut's CLEARANCE SALE!.
  2608 | D:5      | Bought a +4 battleaxe of freezing for 101 gold pieces
  2610 | D:5      | Bought a scroll of enchant weapon for 22 gold pieces
  2695 | D:5      | Reached skill level 7 in Axes
  2733 | D:5      | Noticed Menkaure
  2743 | D:5      | Killed Menkaure
  2744 | D:5      | Reached skill level 5 in Armour
  3530 | D:6      | Found a sacrificial altar of Ru.
  3578 | D:6      | Reached skill level 5 in Dodging
  3578 | D:6      | Reached XP level 8. HP: 70/70 MP: 7/7
  3589 | D:6      | Found a transporter.
  3592 | D:6      | Noticed michknight7's ghost (amateur AtFi)
  3593 | D:6      | Found a transporter.
  3593 | D:6      | Identified the +6 great mace of Prudence {drain, rPois rN+
                  | Int+3 SInv}
  3626 | D:6      | Reached skill level 8 in Axes
  3628 | D:6      | Killed michknight7's ghost
  3783 | D:6      | Noticed Duvessa
  3784 | D:6      | Noticed Dowan
  3793 | D:6      | Killed Duvessa
  3810 | D:6      | Killed Dowan
  3811 | D:6      | Reached skill level 9 in Axes
  4013 | D:6      | Found a glowing golden altar of the Shining One.
  4542 | D:6      | Found a runed translucent door.
  4543 | D:6      | Noticed Crazy Yiuf
  4622 | D:6      | Killed Crazy Yiuf
  4716 | D:7      | Found a staircase to the Ecumenical Temple.
  4895 | D:7      | Reached XP level 9. HP: 75/79 MP: 8/8
  5167 | D:8      | Identified a scroll of acquirement
  5168 | D:8      | Acquired 544 gold pieces
  5218 | D:8      | Reached skill level 10 in Axes
  5409 | D:8      | Reached *** piety under Trog
  5561 | D:8      | Identified the +1 long sword "Upsomp" {flame, Will- Dex+5
                  | Stlth+}
  5600 | D:8      | Found a broken altar of Ashenzari.
  5696 | D:8      | Found a sand-covered staircase.
  5701 | Ossuary  | Entered an ossuary
  5815 | Ossuary  | Reached skill level 11 in Axes
  6259 | D:9      | Reached **** piety under Trog
  6292 | D:9      | Found a radiant altar of Vehumet.
  6468 | D:9      | Reached XP level 10. HP: 70/90 MP: 9/9
  6677 | D:10     | Entered Level 10 of the Dungeon
  6924 | D:10     | Noticed a two-headed ogre
  6936 | D:10     | Killed a two-headed ogre
  7020 | D:10     | Reached skill level 12 in Axes
  7185 | D:10     | Reached skill level 13 in Axes
  7340 | D:10     | Noticed a wizard
  7374 | Abyss:2  | Cast into level 2 of the Abyss (a wizard)
  7379 | Abyss:2  | Noticed a thrashing horror
  7388 | D:10     | Escaped the Abyss
  7409 | D:10     | Killed a wizard
  7410 | D:10     | Reached XP level 11. HP: 99/99 MP: 10/10
  7599 | D:11     | Reached skill level 10 in Fighting
  7934 | D:11     | Found a staircase to the Orcish Mines.
  7951 | D:11     | Reached skill level 10 in Armour
  7978 | D:11     | Reached skill level 14 in Axes
  8091 | D:11     | Identified the +2 falchion of Fixation {freeze, rCorr Str+3
                  | Int+3 Stlth-}
  8197 | D:11     | Identified the +2 robe "Coarovah" {Str+3 Int+2}
  8205 | D:11     | Found a staircase to the Lair.
  8643 | D:12     | Noticed a two-headed ogre
  8684 | D:12     | Killed a two-headed ogre
  8693 | D:12     | Noticed Snorg
  8704 | D:12     | Killed Snorg
  8705 | D:12     | Reached skill level 15 in Axes
  8711 | D:12     | Noticed a soul eater
  8712 | D:12     | Reached skill level 10 in Dodging
  8713 | D:12     | Noticed Maurice
  8721 | D:12     | Killed Maurice
  8722 | D:12     | Reached XP level 12. HP: 110/110 MP: 11/11
  9251 | Orc:1    | Entered Level 1 of the Orcish Mines
  9251 | Orc:1    | Found Losulime's Jewellery Shop.
  9349 | Orc:1    | Noticed Erica
  9355 | Orc:1    | Killed Erica
  9469 | Orc:2    | Entered Level 2 of the Orcish Mines
  9469 | Orc:2    | Found a gate leading to a gauntlet.
  9537 | Gauntlet | Entered a Gauntlet
  9537 | Gauntlet | Found a transporter.
  9537 | Gauntlet | Found a transporter.
  9538 | Gauntlet | Found a transporter.
  9538 | Gauntlet | Found a transporter.
  9541 | Gauntlet | Found a transporter.
  9541 | Gauntlet | Found a transporter.
  9551 | Gauntlet | Found a transporter.
  9555 | Gauntlet | Found a transporter.
  9565 | Gauntlet | Found a transporter.
  9667 | Gauntlet | Found a transporter.
  9671 | Gauntlet | Found a transporter.
  9681 | Gauntlet | Found a transporter.
  9870 | Gauntlet | Gained mutation: Your skin changes colour to match your
                  | surroundings (Stealth+). [potion of mutation]
  9925 | Gauntlet | Reached skill level 16 in Axes
  9934 | Gauntlet | Identified the +3 barding "Cerael" {+Inv rCorr}
  9981 | Gauntlet | Identified the amulet of the Fortifying Oracle {Acrobat
                  | rPois Str+5 Int+2 Dex-5}
  9981 | Gauntlet | Noticed a minotaur
  9990 | Gauntlet | Killed a minotaur
 10226 | Orc:2    | Found a staircase to the Elven Halls.
 10301 | Orc:2    | Paralysed by an orc sorcerer for 5 turns
 10310 | Orc:2    | HP: 4/106 [orc priest/divine providence (7)]
 10323 | Orc:2    | Slain by an orc warrior

Illustrated notes

Levels and vault maps discovered:
D:1:      dpeg_arrival_concentric_ovals, layout_basic
D:2:      layout_loops_ring, serial_shops, nicolae_shop_crystal, uniq_sigmund,
          uniq_terence, uniq_jessica
D:3:      layout_basic, serial_park_tiny_pond, grunt_ministairs_7, wad_orctagon
D:5:      layout_basic, lemuel_tele_altar, kennysheep_path_1,
          nicolae_shop_clearance, uniq_menkaure
D:6:      layout_basic, nicolae_ru_awakened_eye, nicolae_tso_swordbearing_angel,
          gammafunk_ghost_smash, minivault_11, minmay_misc_feat_pillars,
          uniq_duvessa, uniq_crazy_yiuf_cottage
D:7:      layout_rooms, minmay_temple_entry_arrows
D:8:      layout_loops_ring, nicolae_overflow_hidden_temple, enter_ossuary_2,
          nrook_campfire, dk_noncrumbling_2
D:9:      layout_cave_pools, kennysheep_mini
D:10:     layout_long_grid, lightli_wizard_tower
D:11:     layout_basic, erik_lair_dragon, erik_orc_4
D:12:     layout_basic, uniq_snorg, uniq_maurice
Orc:1:    layout_diamond_mine, serial_shops, nicolae_shop_tiny_statue_garden,
          basic_altar, uniq_erica, uniq_harold
Orc:2:    st_orc_congregation, layout_caves, gauntlet_entry_generic, basic_altar

Skill      XL: |  1  2  3  4  5  6  7  8  9 10 11 12 |
---------------+-------------------------------------+-----
Axes           | 4 5 6 7 9 11 13 15 16 | 16.6
Fighting       | 4 5 6 7 8 9 11 12 | 12.2
Armour         | 3 4 5 6 8 9 10 11 | 11.9
Dodging        | 3 4 5 6 7 8 10 11 | 11.0

Action                     |  1- 3 |  4- 6 |  7- 9 | 10-12 || total
---------------------------+-------+-------+-------+-------++-------
  Melee: Hand axe          |    55 |   116 |    10 |       ||   181
         Headbutt          |     5 |    14 |    40 |    51 ||   110
         Punch             |       |     1 |       |       ||     1
         Battleaxe         |       |       |   238 |   328 ||   566
 Invoke: Trog's Hand       |       |     3 |     6 |    22 ||    31
         Berserk           |       |     2 |     6 |    20 ||    28
    Use: Scroll            |       |     4 |    12 |     1 ||    17
         Potion            |       |       |     4 |     8 ||    12
 Armour: Animal skin       |     8 |       |       |       ||     8
         Ring mail         |       |    42 |     7 |       ||    49
         Chain mail        |       |       |    19 |       ||    19
         Plate armour      |       |       |   113 |   166 ||   279
  Dodge: Dodged            |    29 |    86 |   128 |   146 ||   389
